AoeStats
← 烏雲中

Arabia

507922183Analyzed
2v2 RM · 13d ago on Sep 20, 2026· 49m 29s· 4 players
Game mode
Random Map
Map size
Medium (4 player)
Population
200
Speed
Normal
Resources
Standard
Victory
Conquest
Starting age
Dark Age
Ending age
Imperial Age
RankedLock teamsTeams togetherTeam positionsShared explorationLock speedFull tech treeHidden civsTurbo modeCheats
Victory
Defeat
🇦🇺 Hindustanis · Australia
1431
+17
🇦🇺 Tatars · Australia
1431
+17
🇹🇼 Saracens · Taiwan
1622
-24
🇹🇼 Slavs · Taiwan
1275
-10
Noot Noot
6:26 Loom
9:26 Feudal Age
9:38 Man-at-Arms
15:45 Double-Bit Axe
20:48 Castle Age
20:19 Fletching
20:41 Bloodlines
21:25 Bodkin Arrow
22:42 Bow Saw
22:58 Padded Archer Armor
22:50 Horse Collar
27:32 Husbandry
28:07 Ballistics
31:36 Leather Archer Armor
34:49 Silk Armor
36:44 Wheelbarrow
44:06 Imperial Age
44:00 Hand Cart
43:34 Light Cavalry
45:00 Bracer
46:03 Chemistry
45:37 Scale Barding Armor
45:30 Heavy Cavalry Archer
46:51 Chain Barding Armor
lentils2k
6:36 Loom
9:10 Feudal Age
10:20 Double-Bit Axe
11:49 Horse Collar
16:38 Scale Barding Armor
17:26 Forging
18:22 Bloodlines
23:46 Castle Age
24:50 Wheelbarrow
23:48 Light Cavalry
25:11 Chain Barding Armor
26:38 Town Watch
31:54 Bow Saw
34:14 Fletching
34:56 Gold Mining
43:23 Imperial Age
41:31 Husbandry
42:23 Gold Shaft Mining
41:38 Stone Mining
42:21 Hand Cart
43:26 Elite Ghulam
44:13 Scale Mail Armor
43:48 Heavy Camel Rider
45:17 Plate Barding Armor
45:16 Fletching
46:41 Chain Mail Armor
47:02 Iron Casting
46:39 Squires
46:24 Arson
47:08 Conscription
48:28 Hoardings
烏雲中
5:57 Loom
10:05 Feudal Age
10:48 Double-Bit Axe
18:50 Horse Collar
24:29 Castle Age
24:40 Bloodlines
24:36 Scale Barding Armor
24:43 Forging
26:40 Chain Barding Armor
37:21 Fletching
40:10 Light Cavalry
43:46 Wheelbarrow
44:12 Bow Saw
46:17 Bodkin Arrow
48:34 Iron Casting
51:27 Imperial Age
49:29 Scale Mail Armor
好警察
6:23 Loom
9:21 Feudal Age
11:58 Double-Bit Axe
15:48 Fletching
23:48 Castle Age
22:18 Horse Collar
24:27 Bodkin Arrow
23:58 Crossbowman
27:06 Padded Archer Armor
27:13 Thumb Ring
29:36 Wheelbarrow
29:13 Bow Saw
29:03 Heavy Plow
28:50 Town Watch
33:53 Ballistics
52:05 Imperial Age
49:52 Hand Cart
Connection lost

Rejoining the realm…

Still unreachable

The connection could not be restored.

Session expired

The server has moved on; the page needs a fresh start.